FIQ, neutral female human Valkyrie ---- |..| ---. ---..-- |.... |.....| ---@%(. |.....--------- |...| . --............--- |.--- --..--..---.....| |.| |.*.----- |..--.--|.| ......| ----|...|.| -....-| --- ---.|.-- -....|----.| |....| |....--....| --...-- --.|...<---- ---..| ----..-- |..| ---- ---- FIQ the Skirmisher Experience level: 3 Strength: 18/02 Dexterity: 9 Constitution: 18 Intelligence: 10 Wisdom: 10 Charisma: 8 Health: 0(38) Energy: 12(12) Def: 5 Gold: 382 Moves: 1135 Dungeon seed: uMpI1tCnqtItAB_n Game ID: FIQ_1465144043 Your Inventory: Coins $ - 382 gold pieces Weapons a - an uncursed +2 war hammer (weapon in hand) b - an uncursed +0 dagger Armor e - an uncursed +3 small shield (being worn) n - an uncursed +0 pair of speed boots (being worn) Comestibles d - 3 uncursed food rations B - an uncursed garter snake egg C - an uncursed pancake D - 2 uncursed tripe rations Scrolls m - 3 uncursed scrolls of scare monster s - an uncursed scroll of identify t - a cursed scroll of blank paper v - a blessed scroll of identify E - an uncursed scroll of gold detection Potions h - an uncursed potion of paralysis i - an uncursed potion of restore ability j - an uncursed potion of sleeping w - an uncursed potion of speed Rings x - a cursed ring of levitation Wands c - an uncursed wand of cold (0:6) A - an uncursed wand of sleep (0:5) Tools f - an uncursed oil lamp (0:1309) k - an uncursed lock pick l - an uncursed magic lamp (lit) o - an uncursed magic marker (0:64) y - an uncursed brass lantern (0:1139) Gems q - an uncursed worthless piece of black glass r - an uncursed worthless piece of yellowish brown glass Spells and supernatural/magical abilities: Name Level Category Fail Memory e - charm monster 3 enchantment 100% 99% W - pray for help -- divine ? -- Your skills at the end: Miscellaneous Skills shield [Basic] wands [Basic] Weapon Skills dagger [Basic] hammer [Basic] Spellcasting Skills Final Attributes: You were devoutly aligned. You were cold resistant. You were stealthy. You could fly. You were very fast. You are dead. Vanquished creatures: a gnome king a little dog a gecko a hobgoblin 2 giant rats 3 gnomes 9 jackals a fox 7 newts 2 goblins 5 sewer rats 5 grid bugs a bat 2 lichens 41 creatures vanquished. Voluntary challenges: You did not adorn yourself with jewelry or accessories. You were an atheist. You used a wielded weapon 33 times, starting on turn 38. You did not apply a unicorn horn. You read items or engraved 8 times, starting on turn 805. You never genocided any monsters. You never polymorphed an object. You never changed form. You used no wishes. You never split a pudding. You never wrote Elbereth's name. You never violated your personal moral code. Dungeon overview: The Dungeons of Doom: levels 1 to 5 Level 1 a long staircase Level 2 some fountains Level 3 Level 4 stairs to The Gnomish Mines Level 5 The Gnomish Mines: Level 5 <- You were here stairs to The Dungeons of Doom History has recorded: On T:1 you entered the Dungeons of Doom to retrieve the Amulet of Yendor! On T:556 you reached level 2 of The Dungeons of Doom. On T:623 you advanced to experience level 2. On T:810 you reached level 3 of The Dungeons of Doom. On T:938 you reached level 4 of The Dungeons of Doom. On T:986 you advanced to experience level 3. On T:1061 you reached level 5 of The Dungeons of Doom. On T:1105 you reached level 1 of The Gnomish Mines. Score breakdown: Gold: 382 ( 38 points) Experience: 3 levels ( 200 points) Exploration: 5 levels ( 120 points) Discoveries: 4 items ( 200 points) Variety of kills: 14 monsters ( 700 points) Major goal: (nothing yet) ( 0 points) Survival: died (score multiplied by 3) Total score: 3774 Latest messages: You see here an orcish helm. Where do you want to travel to? You stop travelling. You kill the gecko! You hit the little dog! The little dog bites! (2x) You kill the little dog! You see here 8 rocks. The grid bug bites! You get zapped! You kill the grid bug! You fly down along the stairs. You hear rumbling in the distance. You hear a distant CRASH! You see here a green gem. E - a scroll labeled ZELGO MER. A gnome king blocks your way. You hit the gnome king! The gnome king zaps a balsa wand! The magic missile hits you! The magic missile bounces! The magic missile whizzes by you! The gnome king is killed by the magic missile! The gnome is caught in the magical blast! The gnome is killed! Final status: Farvel FIQ the Valkyrie, killed by a magical blast... You died in The Gnomish Mines on dungeon level 5 with 3774 points, and 382 pieces of gold, after 1135 moves. You were level 3 with a maximum of 38 hit points when you died.